 Dungeon Sprint DCSS version 0.29.1-1-gd02db6906a (webtiles) character file.

Game seed: 17208420012103597121

21 Groucho the Vexing (level 2, 0/18 HPs)
             Began as a Felid Enchanter on Oct 2, 2022.
             Slain by an orc priest
             ... wielding a +0 trident
              (9 damage)
             ... in the Dungeon (Sprint IX: "|||||||||||||||||||||||||||||").
             The game lasted 00:00:53 (289 turns).

Groucho the Vexing (Felid Enchanter)                 Turns: 289, Time: 00:00:54

Health: 0/18       AC:  1    Str:  4    XL:     2   Next: 65%
Magic:  4/6        EV: 18    Int: 16    God:
Gold:   0          SH:  0    Dex: 16    Spells: 6/6 levels left
                                        Lives:  0   Deaths: 0

rFire   . . .      SeeInvis +     - Unarmed
rCold   . . .      Faith    .   (shield unavailable)
rNeg    . . .      Spirit   .   (body armour unavailable)
rPois   .          Reflect  .   (helmet unavailable)
rElec   .          Harm     .   (cloak unavailable)
rCorr   .          Rampage  .   (gloves unavailable)
Will    .....      NoTele   +   (boots unavailable)
Stlth   ..........              (no amulet)
HPRegen 0.06/turn               (no ring)
MPRegen 0.10/turn               (no ring)

@: berserking, very quick
A: very small, claws 1, fangs 3, see invisible, speed 1, shaggy fur 1, stealthy
paws, no weapons or thrown items, no armour, multi-lived
a: no special abilities


You were in the Dungeon.
You visited 1 branch

Inventory:

Scrolls
 g - a scroll of blinking
Potions
 a - 2 potions of invisibility
 b - a potion of curing
 c - a potion of heal wounds
 d - a potion of haste
 e - 2 potions of magic


   Skills:
 + Level 1.3 Fighting
 + Level 3.4 Dodging
 * Level 5.2 Stealth
 * Level 2.5 Unarmed Combat
 * Level 2.9 Spellcasting
 * Level 5.6 Hexes


You had 6 spell levels left.
You didn't know any spells.
Your spell library contained the following spells:

 Spells                   Type           Power      Damage    Failure   Level
 Confusing Touch          Hex            20%        N/A       5%          3
 Tukima's Dance           Hex            20%        N/A       5%          3
 Ensorcelled Hibernation  Hex/Ice        22%        N/A       9%          2
 Dazzling Flash           Conj/Hex       22%        N/A       19%         3


Dungeon Overview and Level Annotations

Branches:
Dungeon (1/1)

Altars:


Innate Abilities, Weirdness & Mutations

You have sharp claws.
You have razor-sharp teeth.
You have supernaturally acute eyesight. (SInv)
You cover ground quickly. (Speed+)
You are covered in fur. (AC +1)
Your paws help you pounce on unaware monsters.
You are incapable of wielding weapons or throwing items.
You cannot wear armour.
You gain extra lives every three experience levels.


Message History

You scratch the ufetubus.
The ufetubus is almost dead.
The ufetubus completely misses you. The ufetubus closely misses you.
The ufetubus hits you but does no damage.
The ufetubus hits you.
You scratch the ufetubus.
You kill the ufetubus!
Your Fighting skill increases to level 1!
Your Unarmed Combat skill increases to level 2!
You have reached level 2!
Unknown command.
You scratch the adder.
The adder is moderately wounded.
The adder bites you. The adder misses you.
You are too injured to fight recklessly!
You are too injured to fight recklessly!
You are too injured to fight recklessly!
You are too injured to fight recklessly!
You are too injured to fight recklessly!
You miss the adder. You bite the adder.
The adder is heavily wounded.
The adder barely misses you.
You scratch the adder but do no damage.
The adder is heavily wounded.
The adder barely misses you.
You scratch the adder.
The adder is almost dead.
The adder barely misses you.
You closely miss the adder.
The adder is almost dead.
The adder completely misses you.
You scratch the adder.
You kill the adder!
Your Stealth skill increases to level 5!
A red film seems to cover your vision as you go berserk!
You feel yourself moving faster!
You feel mighty!
The iguana bites you but does no damage.
The orc priest hits you from afar with a +0 trident!
Ouch! That really hurt!
You die...

▓+▓
▓.▓
▓.▓
▓.▓
▓w▓
▓o▓
▓l▓
▓@▓
▓.▓
▓.▓
▓.▓
▓)▓
▓'▓
▓.▓
▓.▓
▓.▓


You could see a worm, an iguana and an orc priest.

Vanquished Creatures
  An adder (D)
  An ufetubus (D)
  A dart slug (D)
  A goblin (D)
  A hobgoblin (D)
  2 ball pythons (D)
7 creatures vanquished.

Notes
Turn   | Place    | Note
-------+----------+-------------------------------------------
     0 | D        | Groucho the Felid Enchanter began the quest for the Orb.
     0 | D        | Reached XP level 1. HP: 7/7 MP: 4/4
   276 | D        | Reached skill level 5 in Hexes
   279 | D        | Noticed an orc priest
   279 | D        | Noticed an iguana
   283 | D        | Reached skill level 1 in Fighting
   283 | D        | Reached XP level 2. HP: 7/12 MP: 4/6
   289 | D        | Reached skill level 5 in Stealth
   289 | D        | Slain by an orc priest

Illustrated notes

Levels and vault maps discovered:
D:        linesprint [early_d, line_temple, items_1, d_10, items_2, lair_1,
          lair_end, items_3, orc_1, orc_end, items_4, d_15, swamp_1, shoals_1,
          snake_1, spider_1, d_20, vaults_1, items_5, swamp_end, shoals_end,
          snake_end, spider_end, vaults_end, d_27, items_6, zot_1, zot_end,
          crypt_end, forest_end, elf_end, slime_end, tomb_end, abyss_end,
          pan_hell_end]

Skill      XL: |  1  2 |
---------------+-------+-----
Dodging        | 3 |  3.4
Hexes          | 5 |  5.6
Fighting       | 1 |  1.3
Unarmed Combat | 2 |  2.5
Stealth        | 5 |  5.2
Spellcasting   | |  2.9

Action                   || total
-------------------------++-------
Melee: Unarmed           ||    24
       Bite              ||     2
  Use: Potion            ||     1
Armor: Skin              ||     2
Dodge: Dodged            ||    18
